 Dungeon Crawl Stone Soup version 0.29-a0-1009-g60c99734e7 (webtiles) character file.

Game seed: 18441515331203416477

32066 Manisian the Spear-Bearer (level 13, 0/75 HPs)
             Began as a Tengu Summoner on Aug 8, 2022.
             Was an Elder of Dithmenos.
             Killed from afar by a molten gargoyle (15 damage)
             ... with a bolt of magma
             ... while paralysed by an ogre mage
             ... in a volcano.
             The game lasted 00:39:14 (18219 turns).

Manisian the Spear-Bearer (Tengu Summoner)         Turns: 18219, Time: 00:39:14

Health: 0/75       AC: 12    Str:  8    XL:     13   Next: 62%
Magic:  32/37      EV:  2    Int: 18    God:    Dithmenos [****..]
Gold:   832        SH:  0    Dex: 18    Spells: 17/33 levels left

rFire   + . .      SeeInvis .   t - +1 halberd (flame)
rCold   . . .      Faith    .   (shield currently unavailable)
rNeg    . . .      Spirit   .   a - +1 robe
rPois   +          Reflect  .   y - +1 hat of Tisoh {rPois rF+ MP+9}
rElec   .          Harm     .   L - +0 cloak
rCorr   .          Rampage  .   j - +2 pair of gloves
Will    .....                   (boots unavailable)
Stlth   +++++.....              H - amulet of the acrobat
HPRegen 0.22/turn               c - +4 ring of protection
MPRegen 0.25/turn               d - +4 ring of evasion

@: paralysed, flying quickly and evasively, wreathed by umbra, quick
A: beak, talons 3, nimble flight
a: Renounce Religion, Shadow Step


You were in a volcano.
You worshipped Dithmenos.
Dithmenos was greatly pleased with you.
You visited 3 branches of the dungeon, and saw 17 of its levels.
You also visited: Volcano.

You collected 985 gold pieces.
You spent 153 gold pieces at shops.

Inventory:

Hand Weapons
 l - a +0 trident
 t - a +1 halberd of flaming (weapon)
Missiles
 r - 2 throwing nets
Armour
 a - a +1 robe (worn)
 j - a +2 pair of gloves (worn)
 y - the +1 hat of Tisoh (worn) {rPois rF+ MP+9}
   (You bought it in a shop on level 9 of the Dungeon)

   rF:        It protects you from fire.
   rPois:     It protects you from poison.
   MP:        It affects your magic capacity (+9).
 I - the +1 ring mail of the Albatross {rC+ rN+ Regen+ Str-3}
   (You found it on level 4 of the Lair of Beasts)

   Str:       It affects your strength (-3).
   rC:        It protects you from cold.
   rN:        It protects you from negative energy.
   Regen:     It increases your rate of health regeneration.
 L - a +0 cloak (worn)
 P - a +0 robe of the Archmagi
Jewellery
 b - a ring of protection from cold
 c - a +4 ring of protection (left hand)
 d - a +4 ring of evasion (right hand)
 h - a +6 ring of strength
 F - an amulet of reflection
 H - an amulet of the acrobat (around neck)
 K - a +4 ring of protection
 N - a +6 ring of intelligence
 O - a ring of poison resistance
Wands
 s - a wand of roots (9)
 w - a wand of polymorph (6)
 C - a wand of light (9)
 G - a wand of paralysis (17)
 J - a wand of mindburst (8)
Scrolls
 k - 4 scrolls of fear
 n - 3 scrolls of vulnerability
 o - 8 scrolls of teleportation
 p - 6 scrolls of butterflies
 v - a scroll of amnesia
 M - 3 scrolls of identify
Potions
 e - 4 potions of degeneration
 f - 5 potions of curing
 g - 4 potions of mutation
 i - 2 potions of cancellation
 m - 2 potions of resistance
 q - 4 potions of flight
 u - 6 potions of lignification
 x - 2 potions of haste
 z - 2 potions of brilliance
 A - 3 potions of heal wounds
 B - 3 potions of might
 D - 2 potions of berserk rage
 E - a potion of experience


   Skills:
 + Level 6.5 Fighting
 + Level 12.4 Polearms
 + Level 7.9 Dodging
 + Level 7.5 Stealth
 + Level 10.8 Spellcasting
 + Level 3.1 Hexes
 - Level 12.0 Summonings
 + Level 7.8 Air Magic


You had 17 spell levels left.
You knew the following spells:

 Your Spells              Type           Power      Damage    Failure   Level
a - Summon Small Mammal   Summ           100%       N/A       1%          1
b - Call Imp              Summ           52%        N/A       1%          2
c - Call Canine Familiar  Summ           52%        N/A       1%          3
d - Summon Guardian Gole  Hex/Summ       37%        N/A       1%          3
e - Summon Lightning Spi  Summ/Air       45%        N/A       1%          4
f - Mephitic Cloud        Conj/Pois/Air  19%        N/A       8%          3

Your spell library contained the following spells:

 Spells                   Type           Power      Damage    Failure   Level
 Ensorcelled Hibernation  Hex/Ice        30%        N/A       6%          2
 Inner Flame              Hex/Fire       15%        N/A       12%         3
 Cause Fear               Hex            10%        N/A       21%         4
 Ignite Poison            Fire/Tmut/Pois 9%         N/A       22%         3
 Spider Form              Tmut/Pois      9%         N/A       22%         3
 Anguish                  Hex/Necr       7%         N/A       36%         4
 Freezing Cloud           Conj/Ice/Air   9%         6-21      56%         5
 Discord                  Hex            10%        N/A       100%        8


Dungeon Overview and Level Annotations

Branches:
Dungeon (12/15)            Temple (1/1) D:6            Lair (4/5) D:10
 Shoals (0/4) Lair:2        Snake (0/4) Lair:2      Volcano (1/1)
  Slime: Lair:4-5       Orc: D:9-12

Altars:
Ashenzari
Cheibriados
Dithmenos
Elyvilon
Fedhas
Gozag
Hepliaklqana
Kikubaaqudgha
Makhleb
Nemelex Xobeh
Okawaru
Qazlal
Ru
Sif Muna
Trog
Uskayaw
Vehumet
Wu Jian
Xom
Yredelemnul
Zin
The Shining One

Shops:
D:9 [   D:11 *

Annotations:
Lair:3 exclusion: 2 oklob plants


Innate Abilities, Weirdness & Mutations

You have a beak for a mouth.
You have claws for feet.
Your magical nature lets you fly swiftly and evasively.


Message History

The bolt of magma hits your guardian golem!
Your guardian golem partially resists.
Your guardian golem is destroyed!
Your guardian golem disappears in a puff of smoke!
The bolt of magma hits you! You partially resist.
* * * LOW HITPOINT WARNING * * *
You hear a shout!
You feel much better. The two-headed ogre misses you.
The two-headed ogre completely misses you.
The molten gargoyle blasts magma at you!
The bolt of magma hits something!
The bolt of magma hits you! You partially resist.
Something unseen opens the door.
The two-headed ogre completely misses you. x2
The two-headed ogre attacks as you move away!
The two-headed ogre completely misses you. x2
You hear some strange, mumbled words.
A bolt of magma appears from out of thin air!
The bolt of magma misses you.
There is an open door here.
The two-headed ogre attacks as you move away!
The two-headed ogre completely misses you.
The two-headed ogre misses you.
The two-headed ogre attacks as you move away!
The two-headed ogre completely misses you. x2
Casting: Summon Guardian Golem (safe; 1% risk of failure)
Confirm with . or Enter, or press ? or * to list all spells.
An electric hum fills the air.
The two-headed ogre completely misses you. x2
You hear some strange, mumbled words.
You suddenly lose the ability to move!
The two-headed ogre hits you but does no damage.
The two-headed ogre hits you with a +0 giant club of flaming!
* * * LOW HITPOINT WARNING * * *
The two-headed ogre burns you.
* * * LOW HITPOINT WARNING * * *
The molten gargoyle blasts magma at you!
The bolt of magma hits something.
The bolt of magma hits you! You partially resist.
You die...

##...## # #..8..# #d##.....#
#?[8.....# #### #$!#..⌠..#
####..###### #$)##..)##
##..........#### ##+####'##
###.8...≈≈≈≈≈....###
##....#...###8.....≈≈≈≈≈≈§.§....
#.._..'.∩.'9...@..≈≈≈§≈≈≈§§≈...8
##....#...###8O...≈§§§≈≈≈≈§§§≈..
#'#####'## ##...§§§§≈§≈≈≈≈≈≈≈≈.
#$[##..)#####...≈≈≈§§≈§§≈≈≈≈≈≈≈
#$!#..⌠..##....§≈≈§§≈§≈≈§≈≈≈§§≈
#!)8.....#....§§≈≈§§§§≈§≈≈§§§§§
#.##.....#...§≈≈§§§≈≈≈≈≈§§≈≈≈≈≈
# #..8..#...§§≈§§§≈§§≈§≈§§≈§≈≈
##...##..§§§≈≈§§§§§§§≈≈≈§§§§


You could see a two-headed ogre (fast, ally target), a molten gargoyle and a
friendly lightning spire (summoned).

Vanquished Creatures
  2 two-headed ogres (Volcano)
  4 death yaks (Lair:2)
  5 elephants
  2 black mambas (Lair:2)
  4 cane toads
  A kobold demonologist (D:10)
  A komodo dragon (Lair:1)
  A troll (D:11)
  4 polar bears
  5 blink frogs (Lair:2)
  A vampire (D:10)
  3 fire bats
  15 yaks
  A steam dragon (D:9)
  5 water moccasins
  An ice beast (D:6)
  4 orc warriors
  A black bear (Lair:1)
  3 wolves
  7 centaurs
  2 phantoms
  9 bullfrogs
  A gnoll sergeant (D:11)
  A necrophage (D:8)
  2 wights (D:8)
  An electric eel (Lair:1)
  A nameless horror (D:9)
  4 lava snakes (Volcano)
  A jelly (D:6)
  A gnoll bouda (D:5)
  3 hounds
  9 iguanas
  3 orc wizards (D:4)
  3 gnolls
  5 adders
  A shadow imp (D:3)
  An ufetubus (D:6)
  2 worms
  3 dart slugs
  23 orcs
  5 endoplasms
  2 giant cockroaches
  4 goblins
  6 hobgoblins
  4 jackals (D:3)
  A quokka (D:4)
  A bat (D:2)
  2 frilled lizards (D:3)
  2 kobolds
  A rat (D:3)
174 creatures vanquished.

Vanquished Creatures (collateral kills)
  A hydra (Lair:1)
  A two-headed ogre (Volcano)
  A black mamba (Lair:1)
  Maurice (D:11)
  3 elephants
  A cane toad (Lair:1)
  A kobold demonologist (D:10)
  A blink frog (Lair:2)
  19 yaks
  5 fire bats (Volcano)
  A basilisk (Lair:2)
  A vampire mosquito (D:11)
  A water moccasin (Lair:1)
  A sky beast (D:8)
  4 wolves
  2 centaurs (D:11)
  3 bullfrogs
  3 kobold brigands
  Blork the orc (D:5)
  A gnoll sergeant (D:9)
  2 wights (D:8)
  5 killer bees (D:8)
  3 lava snakes (Volcano)
  4 orc priests
  A gnoll bouda (D:5)
  Jessica (D:2)
  3 orc wizards
  14 gnolls
  A worm (D:2)
  17 orcs
  A bat (D:1)
  6 endoplasms
  A goblin (D:3)
  7 hobgoblins
  4 jackals
  9 kobolds
  A quokka (D:1)
  2 ball pythons
  2 rats
136 creatures vanquished.

Vanquished Creatures (others)
  A hydra (Lair:2)
  A two-headed ogre (D:9)
  2 death yaks (Lair:2)
  3 elephants
  A manticore (D:11)
  Maggie (D:10)
  Grinder (D:4)
  2 blink frogs (Lair:2)
  A hornet (D:11)
  11 yaks
  A steam dragon (D:9)
  A vampire mosquito (D:11)
  A water moccasin (D:7)
  An ice beast (D:7)
  2 wolves (Lair:3)
  2 ogres (D:6)
  A nameless horror (D:9)
  A bullfrog (Lair:2)
  A killer bee (D:8)
  8 gnolls
  5 fungi
  7 plants
55 creatures vanquished.

Grand Total: 365 creatures vanquished

Notes
Turn   | Place    | Note
-------+----------+-------------------------------------------
     0 | D:1      | Manisian the Tengu Summoner began the quest for the Orb.
     0 | D:1      | Reached XP level 1. HP: 10/10 MP: 4/4
    89 | D:1      | Reached skill level 5 in Summonings
   297 | D:1      | Reached XP level 2. HP: 15/15 MP: 1/6
   494 | D:1      | Learned a level 2 spell: Call Imp
  1255 | D:2      | Noticed Jessica
  1260 | D:2      | Killed Jessica
  1261 | D:2      | Reached XP level 3. HP: 19/19 MP: 4/8
  1308 | D:2      | Learned a level 3 spell: Call Canine Familiar
  1405 | D:2      | Reached XP level 4. HP: 24/24 MP: 2/9
  1426 | D:2      | Found a shadowy altar of Dithmenos.
  1672 | D:2      | Found a faded altar of an unknown god.
  2525 | D:3      | Gained mutation: Your magical nature lets you fly swiftly
                  | and evasively. [Tengu growth]
  2525 | D:3      | Reached XP level 5. HP: 28/28 MP: 11/11
  2529 | D:3      | Learned a level 3 spell: Summon Guardian Golem
  2593 | D:3      | Found a shadowy altar of Dithmenos.
  2625 | D:3      | Reached skill level 1 in Polearms
  3098 | D:4      | Noticed Grinder
  3117 | D:4      | Killed Grinder
  3118 | D:4      | Reached skill level 1 in Fighting
  3118 | D:4      | Reached XP level 6. HP: 20/34 MP: 3/12
  3331 | D:4      | Reached XP level 7. HP: 34/37 MP: 14/14
  3336 | D:4      | Learned a level 4 spell: Summon Lightning Spire
  3389 | D:4      | You are sucked into a shaft and drop 3 floors!
  3425 | D:6      | Found a staircase to the Ecumenical Temple.
  3444 | Temple   | Entered the Ecumenical Temple
  4625 | D:6      | Reached skill level 5 in Spellcasting
  4625 | D:6      | Reached XP level 8. HP: 44/44 MP: 11/16
  5650 | D:5      | Entered Level 5 of the Dungeon
  5650 | D:5      | Noticed Blork the orc
  5659 | D:5      | Killed Blork the orc
  5668 | D:5      | Reached skill level 5 in Polearms
  5677 | D:5      | Reached skill level 1 in Hexes
  6839 | D:4      | Reached XP level 9. HP: 41/48 MP: 18/18
  7319 | D:2      | Became a worshipper of Dithmenos the Shadowed
  9485 | D:8      | Reached * piety under Dithmenos
  9654 | D:8      | Reached skill level 5 in Dodging
  9654 | D:8      | Reached skill level 1 in Air Magic
  9654 | D:8      | Reached XP level 10. HP: 48/56 MP: 10/21
 10322 | D:8      | Found a bloodstained altar of Trog.
 10322 | D:8      | Found a shimmering altar of Xom.
 10325 | D:8      | Found a blossoming altar of Fedhas.
 10329 | D:8      | Found an ornate altar of the Wu Jian Council.
 10329 | D:8      | Found a shimmering blue altar of Sif Muna.
 10330 | D:8      | Found a burning altar of Makhleb.
 10335 | D:8      | Found a sacrificial altar of Ru.
 10435 | D:9      | Found an opulent altar of Gozag.
 10473 | D:9      | Reached skill level 5 in Stealth
 10644 | D:9      | Found Xinoif's Antique Armour Shop.
 10649 | D:9      | Bought a glimmering hat for 153 gold pieces
 10649 | D:9      | Identified the +1 hat of Tisoh {rPois rF+ MP+9} (You bought
                  | it in a shop on level 9 of the Dungeon)
 10881 | D:9      | Noticed a two-headed ogre
 10924 | D:9      | Killed a two-headed ogre
 11407 | D:10     | Entered Level 10 of the Dungeon
 11801 | D:10     | Found a staircase to the Lair.
 11812 | D:10     | Noticed Maggie
 11827 | D:10     | Killed Maggie
 11918 | D:10     | Noticed a kobold demonologist
 11921 | D:10     | Noticed a kobold demonologist
 11929 | D:10     | Noticed a smoke demon
 11930 | D:10     | Killed a kobold demonologist
 11933 | D:10     | Killed a kobold demonologist
 11934 | D:10     | Reached skill level 10 in Summonings
 12352 | D:10     | Reached XP level 11. HP: 61/61 MP: 20/23
 12642 | D:11     | Noticed Maurice
 12653 | D:11     | Killed Maurice
 12754 | D:11     | Reached ** piety under Dithmenos
 13123 | D:11     | Noticed a manticore
 13141 | D:11     | Killed a manticore
 13295 | D:11     | Found Tody's Assorted Antiques.
 13747 | Lair:1   | Entered Level 1 of the Lair of Beasts
 13948 | Lair:1   | Identified the +4 war axe "Lecusov" {drain, Dex+3}
 14146 | Lair:1   | Reached skill level 5 in Air Magic
 14545 | Lair:1   | Reached skill level 5 in Fighting
 14545 | Lair:1   | Reached XP level 12. HP: 68/68 MP: 26/26
 14663 | Lair:1   | Reached skill level 10 in Polearms
 14744 | Lair:1   | Noticed a five-headed hydra
 14756 | Lair:1   | Killed a three-headed hydra
 15189 | Lair:1   | Learned a level 3 spell: Mephitic Cloud
 15247 | Lair:2   | Found a staircase to the Shoals.
 15303 | Lair:2   | Identified the +7 chain mail of Failure {Contam rC- rN+++
                  | SInv}
 15678 | Lair:2   | Noticed a seven-headed hydra
 15680 | Lair:2   | Reached *** piety under Dithmenos
 15691 | Lair:2   | Reached skill level 10 in Spellcasting
 15691 | Lair:2   | Killed a six-headed hydra
 16119 | Lair:2   | Noticed a death yak
 16133 | Lair:2   | Noticed a death yak
 16134 | Lair:2   | Noticed a death yak
 16135 | Lair:2   | Noticed a death yak
 16136 | Lair:2   | Noticed a death yak
 16138 | Lair:2   | Noticed a death yak
 16149 | Lair:2   | Killed a death yak
 16150 | Lair:2   | Killed a death yak
 16151 | Lair:2   | Killed a death yak
 16179 | Lair:2   | Reached XP level 13. HP: 40/74 MP: 22/28
 16477 | Lair:2   | Found a staircase to the Snake Pit.
 17105 | Lair:3   | Found a shimmering altar of Xom.
 17598 | Lair:4   | Identified the +1 ring mail of the Albatross {rC+ rN+
                  | Regen+ Str-3}
 17675 | Lair:4   | Found a dark tunnel.
 17686 | Volcano  | Entered a volcano
 17903 | Volcano  | Reached **** piety under Dithmenos
 17991 | Volcano  | Noticed a red draconian
 18190 | Volcano  | Found a burning altar of Makhleb.
 18218 | Volcano  | Paralysed by something for 3 turns
 18219 | Volcano  | Killed from afar by a molten gargoyle

Illustrated notes

Levels and vault maps discovered:
D:1:      minmay_arrival_semitransparent, layout_basic, bh_walls_and_bars
D:2:      layout_rooms, chequers_ecumenical_altar_island, basic_altar,
          uniq_jessica
D:3:      layout_basic, nicolae_dithmenos_shadow_blocks, minmay_quadrilaterals
D:4:      layout_basic, hangedman_feature_mirror, minmay_misc_feat_doors,
          uniq_grinder
D:5:      layout_rooms, chequers_serial_rivers_room_b, uniq_blork_the_orc
D:6:      layout_rooms, minmay_temple_entry_ruins, serial_co_window_serial,
          co_window_paths_b, co_window_corner_a, co_window_paths_a,
          co_window_paths_a, co_window_corner_a, co_window_paths_b,
          co_window_paths_a, co_window_corner_a, co_window_corner_a,
          co_window_broadway_a, co_window_cross_3, co_window_of_opportunity_b,
          co_window_2corner, co_window_unsneaky_path_b,
          co_window_unsneaky_path_a, glass_columns_b, glass_columns_a,
          solitary_fountain, kennysheep_generic_room_15
D:7:      layout_basic
D:8:      layout_basic, minitemple
D:9:      layout_loops_ring, grunt_gozag_statues, serial_shops,
          nicolae_shop_trees, minmay_misc_feat_pillars
D:10:     layout_loops_cross, lair_entry_dummy, uniq_maggie
D:11:     layout_basic, serial_shops, shop_statue, uniq_maurice
D:12:     layout_roguey, orc_david_3
Temple:   nicolae_temple_bog_church
Lair:1:   layout_regular_city, st_stairs_7, serial_bayou_pond_a,
          grunt_megastairs_3, serial_bayou_shore_a
Lair:2:   layout_chaotic_city, elwin_shoals_entry_rocks, dummy_snake_entry,
          lemuel_fruit_tree
Lair:3:   hellmonk_ruined_rings, layout_gridlike, basic_altar, dpeg_oklob_1,
          infiniplex_staircase_pool_2
Lair:4:   layout_gridlike, nicolae_volcano_entry_batcave,
          amcnicky_altar_lugonu_corruption, grunt_megastairs_2
Volcano:  volcano_grotto [vgs_many_chambers]

Skill      XL: |  1  2  3  4  5  6  7  8  9 10 11 12 13 |
---------------+----------------------------------------+-----
Summonings     | 5 6 7 8 10 11 12 | 12.0
Spellcasting   | 3 4 5 6 7 9 10 | 10.8
Polearms       | 3 4 5 7 8 9 11 12 | 12.4
Fighting       | 1 2 3 4 5 6 |  6.5
Stealth        | 3 4 5 6 7 |  7.5
Dodging        | 3 4 5 6 7 |  7.9
Hexes          | 1 2 3 |  3.1
Air Magic      | 1 3 5 6 7 |  7.8

Action                   |  1- 3 |  4- 6 |  7- 9 | 10-12 | 13-15 || total
-------------------------+-------+-------+-------+-------+-------++-------
Melee: Unarmed           |     4 |     1 |       |       |       ||     5
       Kick              |     2 |    15 |    75 |    80 |    24 ||   196
       Peck              |     2 |    16 |    46 |    47 |    26 ||   137
       Trident           |       |   105 |    76 |       |       ||   181
       Punch             |       |       |     3 |       |       ||     3
       Halberd           |       |       |   217 |   304 |   118 ||   639
 Cast: Summon Small Mamm |    21 |    13 |    26 |     2 |       ||    62
       Call Imp          |     3 |     3 |     9 |    11 |     2 ||    28
       Call Canine Famil |     2 |     5 |    18 |    12 |     2 ||    39
       Summon Guardian G |       |     1 |    16 |    30 |     7 ||    54
       Summon Lightning  |       |       |     6 |    56 |    20 ||    82
  Use: Scroll            |     3 |     7 |    10 |     7 |     3 ||    30
       Potion            |       |       |     1 |     1 |     3 ||     5
 Stab: Sleeping          |       |     4 |    10 |     9 |     8 ||    31
       Distracted        |       |     2 |     3 |    11 |     2 ||    18
Armor: Robe              |     6 |    24 |    48 |    59 |    24 ||   161
Dodge: Dodged            |    16 |    83 |   247 |   369 |   143 ||   858

Table legend: (Time is in decaauts)
 A = Elapsed time spent in this place.
 B = Non-inter-level travel time spent in this place.
 C = Inter-level travel time spent in this place.
 D = Time resting spent in this place.
 E = Time spent auto-exploring this place.
 F = Levels seen in this place.
 G = Mean time per level.
                   A        B        C        D        E       F      G
               +--------+--------+--------+--------+--------+-----+--------+
         Total |  17475 |  16874 |    601 |    225 |  13463 |  18 |  970.8 |
       Dungeon |  13083 |  12593 |    490 |    139 |  10307 |  12 | 1090.2 |
        Temple |    156 |    153 |      3 |      0 |    105 |   1 |  156.0 |
          Lair |   3724 |   3617 |    107 |      0 |   2830 |   4 |  931.0 |
       Volcano |    511 |    511 |      0 |     86 |    219 |   1 |  511.0 |
               +--------+--------+--------+--------+--------+-----+--------+

Top non-repeatable levels by time:
     D:6: 1985 daAuts
     D:8: 1558 daAuts
  Lair:1: 1424 daAuts
     D:7: 1385 daAuts
  Lair:2: 1384 daAuts
     D:1: 1254 daAuts
    D:10: 1230 daAuts
     D:3: 1158 daAuts
     D:4: 1000 daAuts
    D:11: 994 daAuts
     D:9: 915 daAuts
     D:5: 858 daAuts
  Lair:3: 805 daAuts
     D:2: 740 daAuts
 Volcano: 511 daAuts
